 Dungeon Crawl Stone Soup version 0.30.0-11-gf55b779eaf (webtiles) character file.

Game seed: 12071889092733581343

285 Esekla the Grave Robber (level 6, 0/39 HPs)
             Began as an Octopode Necromancer on May 17, 2023.
             Succumbed to a scorpion's poison
             ... on level 4 of the Dungeon.
             The game lasted 00:12:32 (3289 turns).

Esekla the Grave Robber (Octopode Necromancer)      Turns: 3289, Time: 00:12:32

Health: 0/39       AC:  1    Str:  5 (8)  XL:     6   Next: 29%
Magic:  11/19      EV: 13    Int: 18 (19) God:
Gold:   201        SH:  0    Dex:  9 (12) Spells: 5/10 levels left

rFire   . . .        e - +0 dagger
rCold   . . .        (no shield)
rNeg    . . .        (helmet restricted)
rPois   .            (no amulet)
rElec   .            q - ring of magical power
rCorr   .            (no ring)
SInv    .            (no ring)
Will    .....        (no ring)
Stlth   +++          (no ring)
HPRegen 0.26/turn    (no ring)
MPRegen 0.16/turn    (no ring)
                     (no ring)

%: no passive effects
@: mighty, lethally poisoned (0 -> 0)
A: almost no armour, amphibious, 8 rings, camouflage 1, gelatinous body 1,
(nimble swimmer 1), tentacles
a: no special abilities


You were on level 4 of the Dungeon.
You visited 1 branch of the dungeon, and saw 4 of its levels.

You collected 201 gold pieces.

Inventory:

Hand Weapons
 e - a +0 dagger (weapon)
 h - a +0 dagger
Missiles
 o - 4 boomerangs (quivered)
Jewellery
 q - a ring of magical power (left tentacle)
Scrolls
 b - 4 scrolls of identify {unknown}
 c - a scroll of vulnerability {unknown}
 d - a scroll of butterflies {unknown}
 f - a scroll of blinking {unknown}
 g - 2 scrolls of fog {unknown}
 k - a scroll of enchant armour {unknown}
 n - a scroll of poison {unknown}
Potions
 a - a potion of magic
 r - a potion of berserk rage {unknown}


   Skills:
 * Level 2.1 Fighting
 + Level 1.4 Short Blades
 * Level 2.7 Dodging
 + Level 4.2 Stealth
 * Level 2.8 Spellcasting
 * Level 1.3 Conjurations
 * Level 4.9 Necromancy
 * Level 1.1 Fire Magic


You had 5 spell levels left.
You knew the following spells:

 Your Spells              Type           Power      Damage    Failure   Level
a - Necrotise             Necr           80%        1d8       2%          1
d - Vampiric Draining     Necr           20%        2d7       6%          3
p - Apportation           Tloc           4%         N/A       17%         1

Your spell library contained the following spells:

 Spells                   Type           Power      Damage    Failure   Level
 Sandblast                Erth           4%         2d4       17%         1
 Animate Dead             Necr           20%        N/A       22%         4
 Passwall                 Tmut/Erth      1%         N/A       26%         2
 Stone Arrow              Conj/Erth      10%        3d7       36%         3
 Ignite Poison            Fire/Tmut/Pois 3%         N/A       41%         3
 Agony                    Necr           20%        N/A       52%         5
 Sticky Flame             Conj/Fire      7%         2d3       69%         4
 Ignition                 Fire           3%         3d4       100%        8


Dungeon Overview and Level Annotations

Branches:
Dungeon (4/15)
 Temple: D:4-7

Altars:
Sif Muna
Trog
The Shining One

Annotations:
D:3 1 runed translucent door, Crazy Yiuf


Innate Abilities, Weirdness & Mutations

You cannot wear most types of armour.
You are amphibious.
You can wear up to eight rings at the same time.
Your skin changes colour to match your surroundings (Stealth+).
Your rubbery body absorbs attacks. (AC +1, EV +1)
((You are camouflaged when in or above water. (Stealth+)))
You have tentacles for arms and can constrict up to eight enemies at once.


Message History

You kill the scorpion!
You feel life coursing into your body.
* * * LOW HITPOINT WARNING * * *
You feel very sick.
The gnoll hits you from afar with a +0 spear.
* * * LOW HITPOINT WARNING * * *
Your Fire Magic skill increases to level 1!
It was a potion of lignification.
You turn into a tree.
Your roots penetrate the ground.
* * * LOW HITPOINT WARNING * * *
You feel sick.
The gnoll hits you but does no damage. x3
It was a potion of degeneration.
There was something very wrong with that liquid.
You feel weakened.
You feel dopey.
You feel clumsy.
* * * LOW HITPOINT WARNING * * *
You feel sick.
The gnoll hits you but does no damage. x2
It was a potion of cancellation.
Your magical effects are unravelling.
You feel magically purged.
You feel less wooden.
* * * LOW HITPOINT WARNING * * *
You feel sick. The gnoll barely misses you.
It was a potion of heal wounds.
You feel much better.
You feel sick. The gnoll hits you with a +0 flail.
The gnoll throws a throwing net.
The throwing net hits you.
You become entangled in the net!
You struggle against the net.
You feel sick. The gnoll barely misses you. The gnoll closely misses you.
The gnoll hits you with a +0 whip.
You struggle against the net.
You feel sick.
The gnoll hits you from afar with a +0 spear.
The gnoll barely misses you. The gnoll hits you with a +0 flail.
* * * LOW HITPOINT WARNING * * *
You shred the net and break free!
You feel sick. The gnoll hits you with a +0 flail.
* * * LOW HITPOINT WARNING * * *
A gnoll comes into view. It is wielding a +0 halberd.
The gnoll hits you from afar with a +0 spear.
* * * LOW HITPOINT WARNING * * *
It was a potion of might.
You feel very mighty all of a sudden.
You die...

#......#.#..#...#
#......+........#
#......#####.####
#......# #...
#......# #.###
#.###### ... #.#
#.# #####.# #.#
#...@g# #.#
#g###g# .gg.
.....# g...P.#
....P.# .......#
.PP..


You could see 5 gnolls.

Vanquished Creatures
  A scorpion (D:4)
  An orc priest (D:3)
  Robin (D:2)
  A gnoll (D:3)
  9 adders
  A white imp (D:3)
  A worm (D:2)
  A dart slug (D:2)
  4 orcs (D:3)
  6 ball pythons
  5 bats
  6 endoplasms
  3 giant cockroaches
  13 goblins
  8 hobgoblins
  3 kobolds (D:1)
  5 quokkas
  8 frilled lizards
  6 rats
83 creatures vanquished.

Notes
Turn   | Place    | Note
-------+----------+-------------------------------------------
     0 | D:1      | Esekla the Octopode Necromancer began the quest for the
                  | Orb.
     0 | D:1      | Reached XP level 1. HP: 11/11 MP: 3/3
    95 | D:1      | Found a faded altar of an unknown god.
   295 | D:1      | Reached XP level 2. HP: 13/18 MP: 5/5
   685 | D:1      | Reached XP level 3. HP: 22/22 MP: 6/6
   689 | D:1      | Learned a level 3 spell: Vampiric Draining
   956 | D:2      | Found a glowing golden altar of the Shining One.
  1007 | D:2      | Reached skill level 1 in Fighting
  1502 | D:2      | Reached XP level 4. HP: 14/28 MP: 3/7
  1753 | D:2      | Noticed Robin
  1937 | D:2      | Killed Robin
  2281 | D:3      | Reached XP level 5. HP: 33/33 MP: 8/8
  2426 | D:3      | Reached skill level 1 in Short Blades
  2438 | D:3      | Reached skill level 1 in Conjurations
  2555 | D:3      | Found a runed translucent door.
  2556 | D:3      | Noticed Crazy Yiuf
  2896 | D:3      | Found a glowing golden altar of the Shining One.
  2974 | D:3      | Found a bloodstained altar of Trog.
  3028 | D:3      | Found a shimmering blue altar of Sif Muna.
  3038 | D:3      | Reached XP level 6. HP: 21/39 MP: 10/10
  3039 | D:3      | Got Sif Muna's Writings on Portals
  3042 | D:3      | Learned a level 1 spell: Apportation
  3282 | D:4      | Reached skill level 1 in Fire Magic
  3288 | D:4      | HP: 1/39 [gnoll/+0 spear (3)]
  3289 | D:4      | Succumbed to a scorpion's poison

Illustrated notes

Levels and vault maps discovered:
D:1:      dpeg_arrival_windows_large_door, layout_rooms,
          hellmonk_ecumenical_altar_crossroads, chequers_serial_rivers_micro_c,
          chequers_serial_rivers_micro_b, grunt_decor_mini_mirrors,
          minmay_misc_feat_rugged
D:2:      layout_rooms, basic_altar, uniq_robin
D:3:      layout_loops_ring, nzn_overflow_gifts_of_might_and_magic,
          mainiacjoe_overflow_alcove_2, minmay_ruptured, uniq_crazy_yiuf_cottage
D:4:      layout_basic, nicolae_grassy_gnolls, uniq_eustachio

Skill      XL: |  1  2  3  4  5  6 |
---------------+-------------------+-----
Stealth        | 3 4 |  4.2
Fighting       | 1 2 |  2.1
Short Blades   | 1 |  1.4
Conjurations   | 1 |  1.3
Fire Magic     | 1 |  1.1
Dodging        | |  2.7
Spellcasting   | |  2.8
Necromancy     | |  4.9

Action                     |  1- 3 |  4- 6 || total
---------------------------+-------+-------++-------
  Melee: Spear             |    15 |       ||    15
         Unarmed           |     9 |       ||     9
         Constrict         |    19 |    33 ||    52
         Tentacles         |    10 |    30 ||    40
         Punch             |     1 |     1 ||     2
         Dagger            |    62 |   115 ||   177
  Throw: Boomerang         |       |     2 ||     2
   Cast: Vampiric Draining |     3 |    13 ||    16
    Use: Potion            |       |     5 ||     5
   Stab: Sleeping          |     5 |     8 ||    13
         Distracted        |     1 |       ||     1
 Armour: Skin              |     6 |     8 ||    14
  Dodge: Dodged            |    38 |    76 ||   114
